Map: King's Cove LE

Players

umbrella - Winner!

  • Race: Protoss Protoss
  • League: Silver
  • Spawn Location: 5:00

iPlayDefense

  • Race: Terran Terran
  • League: Silver
  • Spawn Location: 11:00

VOD

Have the link to the VOD?

Description

Time

  • Played on: April 14, 2025, 9:04 a.m.
  • Length: 3:13
Show
View Real Time Build Order
Export as new Build Order

umbrella Protoss - Winner!

Build Orders:  

Get SALT Encoding   

  12  0:00  Probe  
  13  0:12  Probe  
  14  0:18  Pylon  
  14  0:25  Probe  
  15  0:37  Probe  
  15  0:39  Gateway  
  16  0:45  Assimilator  
  16  0:49  Probe  
  17  1:01  Probe  
  18  1:12  Gateway  
  18  1:13  Probe  
  18  1:25  Probe  
  19  1:29  Cybernetics Core  
  19  1:35  Pylon  
  19  1:37  Probe  
  20  1:49  Probe  
  20  1:54  Stalker x2  
  21  2:01  Probe  
  26  2:13  Probe  
  27  2:26  Probe  
  28  2:36  Nexus  
  28  2:40  Pylon  
  28  2:43  Probe  
  29  2:55  Robotics Facility  
  29  2:58  Probe  
  29  3:00  Assimilator  
Show
View Real Time Build Order
Export as new Build Order

iPlayDefense Terran 

Build Orders:  

Get SALT Encoding   

  12  0:00  SCV  
  13  0:13  SCV  
  14  0:20  Supply Depot  
  14  0:26  Refinery  
  14  0:29  SCV  
  15  0:45  Barracks  
  15  0:47  SCV  
  16  1:32  Barracks Reactor  
  16  1:36  Supply Depot, Orbital Command  
  16  2:03  SCV  
  17  2:10  Marine x2  
  19  2:15  SCV  
  20  2:27  SCV  
  20  2:28  Marine x2, Command Center  
  23  2:52  Refinery  
Tags
 
Matchup
PvT
Replay Pack
DaveSC2
Spawn Locations
Cross Positions
Add a new tag
Caveats
  • Supply blocks, unpowered buildings, or Contaminate may cause inaccurate times.
  • Supply counts are checked every 10 seconds.